 Dungeon Crawl Stone Soup version 0.26-a0-537-g96b2eae49b (webtiles) character file.

Game seed: 11559007582195083084

329 Morbidden the Conjurer (level 6, 0/48 HPs)
             Began as a Draconian Conjurer on Aug 14, 2020.
             Slain by an orc warrior
             ... wielding a +0 short sword
              (7 damage)
             ... on level 3 of the Dungeon.
             The game lasted 00:05:22 (3611 turns).

Morbidden the Conjurer (Draconian Conjurer)         Turns: 3611, Time: 00:05:23

Health: 0/48       AC:  8    Str:  9    XL:     6   Next: 25%
Magic:  1/10       EV: 13    Int: 20    God:
Gold:   189        SH:  0    Dex: 10    Spells: 8/11 levels left

rFire    + . .     SeeInvis .     - Unarmed
rCold    x . .     Faith    .   (no shield)
rNeg     . . .     Spirit   .   (armour unavailable)
rPois    .         Reflect  .   (helmet restricted)
rElec    .         Harm     .   (no cloak)
rCorr    .                      b - +0 pair of gloves
MR       .....                  f - +0 pair of boots
Stlth    ++........             (no amulet)
HPRegen  0.16/turn              a - ring of fire
MPRegen  0.12/turn              (no ring)

@: no status effects
A: unfitting armour, cold-blooded, AC +6
a: no special abilities


You were on level 3 of the Dungeon.
You visited 1 branch of the dungeon, and saw 3 of its levels.

You collected 189 gold pieces.

Inventory:

Armour
 b - a +0 pair of gloves (worn)
 f - a +0 pair of boots (worn)
Jewellery
 a - a ring of fire (left hand)
 n - an uncursed ring of protection from cold {unknown}
Scrolls
 c - 3 scrolls of identify {unknown}
 i - 2 scrolls of amnesia {unknown}
 k - a scroll of fog {unknown}
 p - 2 scrolls of teleportation {unknown}
Potions
 d - 2 potions of curing
 e - 2 potions of lignification {unknown}
 g - 2 potions of might {unknown}
 h - a potion of stabbing {unknown}
 j - a potion of brilliance {unknown}
 l - a potion of mutation {unknown}
 m - a potion of invisibility {unknown}
 o - a potion of haste {unknown}


   Skills:
 * Level 2.0 Fighting
 * Level 3.7 Dodging
 + Level 1.9 Stealth
 * Level 2.0 Unarmed Combat
 + Level 3.1 Spellcasting
 + Level 4.9 Conjurations


You had 8 spell levels left.
You knew the following spells:

 Your Spells              Type           Power        Failure   Level
a - Magic Dart            Conj           ###.         1%          1
b - Searing Ray           Conj           ###...       2%          2

Your spell library contained the following spells:

 Spells                   Type           Power        Failure   Level
 Dazzling Flash           Conj/Hex       ##....       16%         3
 Fulminant Prism          Conj/Hex       ##........   45%         4
 Iskenderun's Mystic Bla  Conj/Tloc      ##......     45%         4


Dungeon Overview and Level Annotations

Branches:
Dungeon (3/15)

Altars:
Fedhas


Innate Abilities, Weirdness & Mutations

Your plain brown scales are hard. (AC +6)
You cannot fit into any form of body armour.
You are cold-blooded and may be slowed by cold attacks.


Message History

The searing ray misses the orc warrior.
The searing ray hits the orc!
You kill the orc!
The orc barely misses you.
The orc warrior hits you with a +0 short sword!
Unknown command.
Unknown command.
The searing ray hits the orc warrior!
The orc warrior is severely wounded.
You finish channeling your searing ray.
The orc misses you.
The orc warrior hits you with a +0 short sword!
* * * LOW HITPOINT WARNING * * *
Unknown command.
Unknown command.
Unknown command.
Unknown command.
Really walk into that dispersal trap?
You enter a dispersal trap!
The orc blinks!
The orc warrior blinks!
The orc blinks!
You blink.
The orc warrior hits you with a +0 short sword!
You die...

#.......# #.......# #.......#
#### #.o....)# #... #.....
#....##.# #.## #.....
#....##.#########.## #.....#
#§...#..†.......#.##
#....'.###....#.......<..†.##
#....l.#....@.#..........####
..)†.#...o..#..........# #
#o.#.§....#..).......# #
#.o§......#..........#
#.####.######.######## # #.#
#..# ..# ##.## #### #..#
##.###


You could see an orc warrior, an orc wizard and an orc.

Vanquished Creatures
  2 orc priests (D:3)
  13 gnolls
  6 adders
  A worm (D:3)
  A dart slug (D:1)
  2 leopard geckos
  5 orcs (D:3)
  2 ball pythons
  7 giant cockroaches
  11 goblins
  4 hobgoblins
  6 jackals
  5 quokkas
  9 bats
  4 frilled lizards (D:2)
  6 kobolds
  7 rats
91 creatures vanquished.

Notes
Turn   | Place    | Note
-------+----------+-------------------------------------------
     0 | D:1      | Morbidden the Draconian Conjurer began the quest for the
                  | Orb.
     0 | D:1      | Reached XP level 1. HP: 14/14 MP: 3/3
    72 | D:1      | Reached XP level 2. HP: 12/20 MP: 0/5
   309 | D:1      | Learned a level 2 spell: Searing Ray
   809 | D:1      | Reached XP level 3. HP: 14/27 MP: 2/6
  1120 | D:1      | Reached skill level 1 in Fighting
  1213 | D:1      | Reached XP level 4. HP: 35/35 MP: 2/7
  1402 | D:2      | Reached skill level 1 in Unarmed Combat
  1694 | D:2      | Reached XP level 5. HP: 32/40 MP: 1/8
  3195 | D:3      | Found a blossoming altar of Fedhas.
  3395 | D:3      | Reached XP level 6. HP: 48/48 MP: 3/10
  3458 | D:3      | Noticed an orc warrior
  3611 | D:3      | Slain by an orc warrior

Illustrated notes

Levels and vault maps discovered:
D:1:      dpeg_arrival_solitude, layout_rooms
D:2:      minmay_razor_zed, layout_basic
D:3:      layout_basic, gammafunk_ghost_cemetery, fedhas_altar_1

Skill      XL: |  1  2  3  4  5  6 |
---------------+-------------------+-----
Dodging        | 2 3 |  3.7
Fighting       | 1 2 |  2.0
Unarmed Combat | 1 2 |  2.0
Spellcasting   | 3 |  3.1
Stealth        | |  1.9
Conjurations   | |  4.9

Action                   |  1- 3 |  4- 6 || total
-------------------------+-------+-------++-------
Melee: Unarmed           |    86 |    20 ||   106
       Tailslap          |    12 |     2 ||    14
 Cast: Magic Dart        |    33 |    83 ||   116
       Searing Ray       |     7 |    20 ||    27
Armor: Skin              |    59 |    12 ||    71
Dodge: Dodged            |    88 |    33 ||   121

Table legend: (Time is in decaauts)
 A = Elapsed time spent in this place.
 B = Non-inter-level travel time spent in this place.
 C = Inter-level travel time spent in this place.
 D = Time resting spent in this place.
 E = Time spent auto-exploring this place.
 F = Levels seen in this place.
 G = Mean time per level.
                   A        B        C        D        E       F      G
               +--------+--------+--------+--------+--------+-----+--------+
         Total |   3612 |   3565 |     47 |    537 |   2459 |   3 | 1204.0 |
       Dungeon |   3612 |   3565 |     47 |    537 |   2459 |   3 | 1204.0 |
               +--------+--------+--------+--------+--------+-----+--------+

Top non-repeatable levels by time:
     D:2: 1435 daAuts
     D:1: 1279 daAuts
     D:3: 896 daAuts
